 Dungeon Sprint DCSS version 0.31-a0-818-ge7c7cf74f0 (webtiles) character file.

Game seed: 972779497768497730

3455 Conn the Arsonist (level 10, -6/94 HPs)
             Began as an Octopode Fire Elementalist on Sept 23, 2023.
             Was a High Priest of Sif Muna.
             Mangled by a molten gargoyle
             ... wielding a +0 mace
              (18 damage)
             ... in the Dungeon (Sprint VII: "The Pits").
             The game lasted 00:08:42 (1568 turns).

Conn the Arsonist (Octopode Fire Elementalist)      Turns: 1568, Time: 00:08:42

Health: -6/94      AC:  8    Str:  7    XL:     10   Next: 6%
Magic:  15/24      EV: 21    Int: 22    God:    Sif Muna [*****.]
Gold:   9          SH:  0    Dex: 13    Spells: 2/29 levels left

rFire   . . .        r - +2 halberd (protect)
rCold   . . .        (shield currently unavailable)
rNeg    . . .        (helmet restricted)
rPois   .            (no amulet)
rElec   .            m - +3 ring of evasion
rCorr   .            n - +3 ring of evasion
SInv    .            (no ring)
Will    .....        (no ring) Stlth
                     (no ring)
HPRegen 0.35/turn    (no ring)
MPRegen 0.19/turn    (no ring)
                     (no ring)

%: no teleportation
@: berserking, under a protective aura, very quick
A: almost no armour, amphibious, 8 rings, camouflage 1, gelatinous body 1,
(nimble swimmer 1), tentacles
a: Renounce Religion, Channel Magic, Forget Spell, Divine Exegesis


You were in the Dungeon.
You worshipped Sif Muna.
Sif Muna was extremely pleased with you.
You visited 1 branch You collected 9 gold pieces.

Inventory:

Hand Weapons
 k - a +2 dagger
 l - a +0 quarterstaff of protection
 r - a +2 halberd of protection (weapon)
Jewellery
 m - a +3 ring of evasion (left tentacle)
 n - a +3 ring of evasion (right tentacle)
Wands
 s - a wand of light (10)
Scrolls
 f - a scroll of blinking
 h - 2 scrolls of vulnerability
 i - 5 scrolls of amnesia
 j - a scroll of butterflies
Potions
 a - 5 potions of magic
 b - 7 potions of curing
 c - 12 potions of heal wounds
 d - a potion of haste
 e - a potion of berserk rage
 g - 2 potions of invisibility
 o - a potion of mutation
 p - a potion of might
 q - a potion of brilliance


   Skills:
 + Level 3.6 Fighting
 + Level 1.2(3.9) Polearms
 + Level 6.0(6.1) Staves
 + Level 6.0 Dodging
 - Level 6.0 Stealth
 + Level 10.2 Spellcasting
 + Level 3.4 Conjurations
 - Level 3.0 Hexes
 + Level 12.6 Fire Magic
 * Level 5.3 Ice Magic
 * Level 5.3 Air Magic
 - Level 3.0 Poison Magic
 * Level 9.1 Invocations


You had 2 spell levels left.
You knew the following spells:

 Your Spells              Type           Power      Damage    Failure   Level
a - Foxfire               Conj/Fire      100%       2x1d9     1%          1
b - Scorch                Fire           100%       2d9       1%          2
c - Inner Flame           Hex/Fire       45%        N/A       1%          3
d - Flame Wave            Conj/Fire      46%        2d12      2%          4
e - Mephitic Cloud        Conj/Pois/Air  28%        N/A       3%          3
f - Metabolic Englaciati  Hex/Ice        14%        N/A       30%         5
g - Dazzling Flash        Conj/Hex       50%        N/A       4%          3
h - Plasma Beam           Fire/Air       25%        2x1d37    22%         6

Your spell library contained the following spells:

 Spells                   Type           Power      Damage    Failure   Level
 Cigotuvi's Dreadful Rot  Necr/Pois/Air  46%        N/A       2%          2
 Ignite Poison            Fire/Tmut/Pois 34%        N/A       1%          3
 Volatile Blastmotes      Fire/Tloc      78%        2d16      1%          3
 Airstrike                Air            17%        2d(3-19)  7%          4
 Cause Fear               Hex            12%        N/A       17%         4
 Summon Lightning Spire   Summ/Air       22%        N/A       21%         4
 Dimensional Bullseye     Hex/Tloc       8%         N/A       32%         4


Dungeon Overview and Level Annotations

Branches:
Dungeon (1/1)

Altars:
Ashenzari
Cheibriados
Dithmenos
Elyvilon
Fedhas
Gozag
Hepliaklqana
Kikubaaqudgha
Makhleb
Nemelex Xobeh
Okawaru
Qazlal
Ru
Sif Muna
Trog
Uskayaw
Vehumet
Wu Jian
Xom
Yredelemnul
Zin
The Shining One
Jiyva
Lugonu


Innate Abilities, Weirdness & Mutations

You cannot wear most types of armour.
You are amphibious.
You can wear up to eight rings at the same time.
Your skin changes colour to match your surroundings (Stealth+).
Your rubbery body absorbs attacks. (AC +1, EV +1)
((You are camouflaged when in or above water. (Stealth+)))
You have tentacles for arms and can constrict up to eight enemies at once.


Message History

A red film seems to cover your vision as you go berserk!
You feel yourself moving faster!
You feel mighty! The molten gargoyle closely misses you.
You hit the molten gargoyle but do no damage.
Your weapon exudes an aura of protection.
You grab the molten gargoyle. You constrict the molten gargoyle.
You hit the molten gargoyle.
You squeeze the molten gargoyle, but do no damage.
The molten gargoyle is lightly damaged.
You constrict the molten gargoyle, but do no damage.
The molten gargoyle closely misses you.
You slash the molten gargoyle!
The molten gargoyle is heavily damaged.
You constrict the molten gargoyle, but do no damage.
The molten gargoyle hits you with a +0 mace!
You are engulfed in flames!
A cyclops comes into view.
The cyclops shouts!
You hit the molten gargoyle but do no damage.
The molten gargoyle is heavily damaged.
You constrict the molten gargoyle, but do no damage.
The molten gargoyle blasts magma at you!
The bolt of magma hits you!!
* * * LOW HITPOINT WARNING * * *
You barely miss the molten gargoyle.
The molten gargoyle is moderately damaged.
You constrict the molten gargoyle, but do no damage.
The molten gargoyle blasts magma at you!
The bolt of magma misses you.
You slash the molten gargoyle!
You squeeze the molten gargoyle, but do no damage.
The molten gargoyle is severely damaged.
You constrict the molten gargoyle, but do no damage.
The molten gargoyle blasts magma at you!
The bolt of magma misses you.
You puncture the molten gargoyle!
The molten gargoyle is almost destroyed.
You constrict the molten gargoyle, but do no damage.
The molten gargoyle hits you with a +0 mace!!
You die...

##................+
.'................+
##......#..#......#
##................#
#####'#####''######
##.......##''##### ##
##.......##÷.....# ..+
##.......##....###...#
##...<...##...##@9...+
##.......##..##.)##+##
##.......##.†#.C##
##.......##÷)#..#
###########..'..'
###########÷.#..#
....#..[[##÷÷#..#
....#..[[##).##..#
....'...)##...##.+


You could see a cyclops and a molten gargoyle.

Vanquished Creatures
  Pikel (D)
  A smoke demon (D)
  Maurice (D)
  A polar bear (D)
  A merfolk (D)
  A flying skull (D)
  A jumping spider (D)
  A basilisk (D)
  4 yaks (D)
  A floating eye (D)
  An ice beast (D)
  An ogre (D)
  6 wolves (D)
  A lemure (D)
  A scorpion (D)
  A crimson imp (D)
  An iron imp (D)
  An iguana (D)
  An adder (D)
  An adder skeleton (D)
  A worm (D)
  An orc (D)
  3 bats (D)
  3 endoplasms (D)
  A giant cockroach (D)
  A goblin (D)
  A kobold (D)
  A giant cockroach zombie (D)
40 creatures vanquished.

Vanquished Creatures (others)
  14 foxfires (D)
14 creatures vanquished.

Grand Total: 54 creatures vanquished

Notes
Turn   | Place    | Note
-------+----------+-------------------------------------------
     0 | D        | Conn the Octopode Fire Elementalist began the quest for the
                  | Orb.
     0 | D        | Reached XP level 1. HP: 11/11 MP: 3/3
    13 | D        | Reached skill level 4 in Fire Magic
    13 | D        | Reached XP level 2. HP: 17/17 MP: 0/5
    65 | D        | Found a bloodstained altar of Trog.
    65 | D        | Found a shimmering blue altar of Sif Muna.
    65 | D        | Found a viscous altar of Jiyva.
    65 | D        | Found a hazy altar of Hepliaklqana.
    65 | D        | Found an opulent altar of Gozag.
    66 | D        | Found a glowing golden altar of the Shining One.
    66 | D        | Found a glowing silver altar of Zin.
    66 | D        | Found a basalt altar of Yredelemnul.
    66 | D        | Found a shimmering altar of Xom.
    66 | D        | Found an ornate altar of the Wu Jian Council.
    66 | D        | Found a sacrificial altar of Ru.
    66 | D        | Found a stormy altar of Qazlal.
    66 | D        | Found an iron altar of Okawaru.
    66 | D        | Found a sparkling altar of Nemelex Xobeh.
    66 | D        | Found a burning altar of Makhleb.
    66 | D        | Found a blossoming altar of Fedhas.
    66 | D        | Found a white marble altar of Elyvilon.
    66 | D        | Found a shadowy altar of Dithmenos.
    66 | D        | Found a snail-covered altar of Cheibriados.
    68 | D        | Found a corrupted altar of Lugonu.
    68 | D        | Found a radiant altar of Vehumet.
    69 | D        | Found an ancient bone altar of Kikubaaqudgha.
    69 | D        | Found a hide-covered altar of Uskayaw.
    69 | D        | Found a broken altar of Ashenzari.
    70 | D        | Became a worshipper of Sif Muna the Loreminder
    99 | D        | Learned a level 2 spell: Scorch
    99 | D        | Noticed a scorpion
   105 | D        | Killed a scorpion
   105 | D        | Reached * piety under Sif Muna
   106 | D        | Reached skill level 6 in Fire Magic
   106 | D        | Reached XP level 3. HP: 20/21 MP: 1/8
   106 | D        | Reached XP level 4. HP: 26/27 MP: 1/9
   181 | D        | Learned a level 3 spell: Inner Flame
   186 | D        | Learned a level 4 spell: Flame Wave
   186 | D        | Noticed a floating eye
   191 | D        | Killed a floating eye
   191 | D        | Reached ** piety under Sif Muna
   192 | D        | Reached skill level 5 in Stealth
   192 | D        | Reached skill level 5 in Spellcasting
   192 | D        | Reached skill level 8 in Fire Magic
   192 | D        | Reached XP level 5. HP: 31/31 MP: 6/12
   325 | D        | Noticed a flying skull
   342 | D        | Killed a flying skull
   342 | D        | Reached *** piety under Sif Muna
   343 | D        | Reached skill level 9 in Fire Magic
   343 | D        | Reached XP level 6. HP: 27/37 MP: 1/15
   346 | D        | Reached skill level 1 in Staves
   359 | D        | Reached **** piety under Sif Muna
   450 | D        | Noticed an ice beast
   454 | D        | Killed an ice beast
   455 | D        | Reached skill level 1 in Fighting
   455 | D        | Reached skill level 5 in Dodging
   455 | D        | Reached skill level 10 in Fire Magic
   455 | D        | Reached XP level 7. HP: 43/43 MP: 12/17
   514 | D        | Noticed a jumping spider
   518 | D        | Killed a jumping spider
   519 | D        | Reached skill level 5 in Invocations
   570 | D        | Noticed Pikel
   574 | D        | Reached ***** piety under Sif Muna
   578 | D        | Killed Pikel
   578 | D        | Identified Sif Muna's Quarto of Destined Toxicants (Sif
                  | Muna gifted it to you in the Dungeon)
   578 | D        | Received a gift from Sif Muna
   579 | D        | Reached skill level 11 in Fire Magic
   579 | D        | Reached XP level 8. HP: 25/50 MP: 8/20
   670 | D        | Learned a level 3 spell: Mephitic Cloud
   676 | D        | Learned a level 5 spell: Metabolic Englaciation
   681 | D        | Noticed a polar bear
   685 | D        | Noticed a smoke demon
   857 | D        | Killed a polar bear
   858 | D        | Reached skill level 1 in Ice Magic
   858 | D        | Reached skill level 1 in Air Magic
   858 | D        | Reached skill level 1 in Poison Magic
   934 | D        | Killed a smoke demon
   935 | D        | Reached XP level 9. HP: 19/55 MP: 16/22
  1182 | D        | Learned a level 3 spell: Dazzling Flash
  1250 | D        | Noticed a merfolk
  1258 | D        | Killed a merfolk
  1259 | D        | Reached skill level 5 in Staves
  1259 | D        | Reached skill level 12 in Fire Magic
  1398 | D        | Noticed Maurice
  1405 | D        | Identified Sif Muna's Excursus on the Torch and Ouranomancy
                  | (Sif Muna gifted it to you in the Dungeon)
  1405 | D        | Received a gift from Sif Muna
  1407 | D        | Reached skill level 10 in Spellcasting
  1408 | D        | Reached skill level 5 in Air Magic
  1410 | D        | Killed Maurice
  1411 | D        | Reached skill level 1 in Polearms
  1411 | D        | Reached skill level 5 in Ice Magic
  1411 | D        | Reached XP level 10. HP: 63/63 MP: 1/24
  1539 | D        | Learned a level 6 spell: Plasma Beam
  1554 | D        | Noticed a molten gargoyle
  1564 | D        | Noticed a cyclops
  1568 | D        | Mangled by a molten gargoyle

Illustrated notes

Levels and vault maps discovered:
D:        pitsprint [storerooms_1, entrance_room_1, metal_vault_6, armoury_1,
          mini_pit_1, grid_room_1, main_hall_1, silver_pit, the_coven_3,
          the_vestibule_1, steel_vault_2, golden_pit, hallway_of_sentries,
          crystal_vault_4, iron_vault_2, final_vault]

Skill      XL: |  1  2  3  4  5  6  7  8  9 10 |
---------------+-------------------------------+-----
Stealth        | 3 4 5 6 |  6.0
Fire Magic     | 4 6 8 9 10 11 12 | 12.6
Dodging        | 3 4 5 6 |  6.0
Spellcasting   | 3 5 6 8 9 10 | 10.2
Conjurations   | 2 3 |  3.4
Hexes          | 3 |  3.0
Invocations    | 3 4 6 7 9 |  9.1
Staves         | 1 3 4 5 6 |  6.0
Fighting       | 1 2 3 |  3.6
Ice Magic      | 2 5 |  5.3
Air Magic      | 2 5 |  5.3
Poison Magic   | 3 |  3.0
Polearms       | 1 |  1.2

Action                     |  1- 3 |  4- 6 |  7- 9 | 10-12 || total
---------------------------+-------+-------+-------+-------++-------
  Melee: Constrict         |     2 |     6 |       |     1 ||     9
         Unarmed           |     1 |       |       |       ||     1
         Dagger            |     2 |     3 |       |       ||     5
         Tentacles         |     2 |     7 |     3 |     2 ||    14
         Quarterstaff      |       |    23 |     8 |       ||    31
         Halberd           |       |       |     7 |     7 ||    14
         Punch             |       |       |     1 |       ||     1
   Cast: Foxfire           |     4 |     2 |     3 |       ||     9
         Scorch            |     2 |     8 |    11 |     1 ||    22
         Flame Wave        |       |     1 |    10 |       ||    11
         Inner Flame       |       |     1 |     2 |       ||     3
         Mephitic Cloud    |       |       |     3 |     1 ||     4
         Metabolic Englaci |       |       |     1 |       ||     1
         Plasma Beam       |       |       |       |     1 ||     1
 Invoke: Divine Exegesis   |       |       |     1 |       ||     1
    Use: Potion            |       |     1 |     1 |     2 ||     4
   Stab: Sleeping          |     1 |       |       |       ||     1
 Armour: Skin              |     1 |    12 |    20 |     4 ||    37
  Dodge: Dodged            |     4 |    16 |    23 |     4 ||    47

Table legend: (Time is in decaauts)
 A = Elapsed time spent in this place.
 B = Non-inter-level travel time spent in this place.
 C = Inter-level travel time spent in this place.
 D = Time resting spent in this place.
 E = Time spent auto-exploring this place.
 F = Levels seen in this place.
 G = Mean time per level.
                   A        B        C        D        E       F      G
               +--------+--------+--------+--------+--------+-----+--------+
         Total |   1579 |   1579 |      0 |    975 |      0 |   1 | 1579.0 |
       Dungeon |   1579 |   1579 |      0 |    975 |      0 |   1 | 1579.0 |
               +--------+--------+--------+--------+--------+-----+--------+

Top non-repeatable levels by time:
       D: 1579 daAuts
